 Dungeon Crawl Stone Soup version 0.31-a0-1300-gb6740aa4e6 (webtiles) character file.

Game seed: 11781933366983224569

1749 bmb222 the Shooter (level 9, -4/60 HPs)
             Began as an Octopode Shapeshifter on Dec 18, 2023.
             Was an Initiate of Dithmenos.
             Shot with an arrow by a centaur (10 damage)
             ... on level 6 of the Dungeon.
             The game lasted 00:03:36 (3969 turns).

bmb222 the Shooter (Octopode Shapeshifter)          Turns: 3969, Time: 00:03:36

Health: -4/60      AC:  1    Str: 16    XL:     9   Next: 6%
Magic:  18/18      EV: 14    Int: 16    God:    Dithmenos [......]
Gold:   171        SH:  0    Dex: 16    Spells: 8/8 levels left

rFire   . . .        p - +8 sling "Vibuonoo" {drain, MP+9 Int+4 Dex+3}
rCold   . . .        (no shield)
rNeg    . . .        (helmet currently unavailable)
rPois   .            (no amulet)
rElec   .            j - +4 ring of slaying
rCorr   .            (no ring)
SInv    .            (no ring)
Will    .....        (no ring)
Stlth   ++++         (no ring)
HPRegen 0.30/turn    (no ring)
MPRegen 0.16/turn    (no ring)
                     (no ring)

%: no passive effects
@: beast-form
A: beast (slay +2), almost no armour, amphibious, 8 rings, camouflage 1,
gelatinous body 1, (nimble swimmer 1), tentacles
a: Begin Untransformation, Renounce Religion


You were on level 6 of the Dungeon.
You worshipped Dithmenos.
Dithmenos was noncommittal.
You were a hulking beast.
You visited 2 branches of the dungeon, and saw 7 of its levels.

You collected 171 gold pieces.

Inventory:

Hand Weapons
 p - the +8 sling "Vibuonoo" (weapon) {drain, MP+9 Int+4 Dex+3}
   (You found it on level 3 of the Dungeon)

   Int+4:     It affects your intelligence (+4).
   Dex+3:     It affects your dexterity (+3).
   MP+9:      It affects your magic capacity (+9).
Armour
 t - a +0 buckler
Jewellery
 f - a ring of fire
 j - a +4 ring of slaying (left tentacle)
 z - a ring of flight
Talismans
 b - a beast talisman
 c - a flux talisman
Wands
 q - a wand of flame (3)
 r - a wand of polymorph (6)
Scrolls
 d - 5 scrolls of teleportation {unknown}
 e - a scroll of noise {unknown}
 g - 2 scrolls of poison {unknown}
 i - a scroll of fear {unknown}
 s - a scroll of brand weapon {unknown}
 y - a scroll of blinking {unknown}
 A - a scroll of identify {unknown}
Potions
 a - a potion of lignification
 h - a potion of ambrosia {unknown}
 k - 2 potions of magic {unknown}
 l - a potion of cancellation {unknown}
 m - a potion of curing {unknown}
 n - 4 potions of berserk rage {unknown}
 o - 2 potions of heal wounds {unknown}
 u - 2 potions of attraction {unknown}
 v - a potion of mutation {unknown}
 w - a potion of enlightenment {unknown}
 x - a potion of resistance {unknown}


   Skills:
 + Level 4.8 Fighting
 + Level 6.6 Ranged Weapons
 + Level 2.7 Dodging
 - Level 4.1 Stealth
 + Level 5.5 Unarmed Combat
 - Level 5.2 Shapeshifting


You had 8 spell levels left.
You didn't know any spells.
Your spell library contained the following spells:

 Spells                   Type           Power      Damage    Failure   Level
 Slow                     Hex            0%         N/A       26%         1
 Poisonous Vapours        Pois/Air       0%         N/A       36%         2
 Sublimation of Blood     Necr           0%         N/A       36%         2
 Confusing Touch          Hex            0%         N/A       58%         3
 Dazzling Flash           Conj/Hex       0%         N/A       58%         3
 Mephitic Cloud           Conj/Pois/Air  0%         N/A       58%         3
 Sigil of Binding         Hex            0%         N/A       58%         3
 Vampiric Draining        Necr           0%         2d6       58%         3
 Volatile Blastmotes      Fire/Tloc      0%         2d10      58%         3
 Petrify                  Tmut/Erth      0%         N/A       94%         4
 Vhi's Electric Charge    Tloc/Air       0%         N/A       94%         4
 Arcjolt                  Conj/Air       0%         1d10      100%        5
 Freezing Cloud           Conj/Ice/Air   0%         6-21      100%        5
 Irradiate                Conj/Tmut      0%         3d11      100%        5
 Starburst                Conj/Fire      0%         6d3       100%        6
 Maxwell's Capacitive Co  Air            0%         ∞         100%        8


Dungeon Overview and Level Annotations

Branches:
Dungeon (6/15)             Temple (1/1) D:4

Altars:
Cheibriados
Dithmenos
Elyvilon
Fedhas
Gozag
Kikubaaqudgha
Nemelex Xobeh
Sif Muna
Trog
Uskayaw
Xom
The Shining One

Shops:
D:4 !   D:5 *

Annotations:
D:5 3 runed translucent doors, GreenGuy14's ghost, novice DsMo; bmb222's ghost, amateur OpSh; bmb222's ghost, weakling FoDe; dingleboss's ghost, novice DsHW; superbruh's ghost, amateur DEHW
Temple 2 transporters


Innate Abilities, Weirdness & Mutations

You are a hulking beast.
Your limbs bulge with bestial killing power. (Slay +2)
You cannot wear most types of armour.
You are amphibious.
You can wear up to eight rings at the same time.
Your skin changes colour to match your surroundings (Stealth+).
Your rubbery body absorbs attacks. (AC +1, EV +1)
((You are camouflaged when in or above water. (Stealth+)))
You have tentacles for arms and can constrict up to eight enemies at once.


Message History

You shoot a sling bullet. The sling bullet hits the black bear.
You drain the black bear.
The black bear is lightly wounded.
The black bear closely misses you. The black bear claws you. x2
A sleepcap comes into view.
You shoot a sling bullet. The sling bullet hits the black bear!
You drain the black bear.
The black bear is severely wounded.
The black bear goes berserk!
You shoot a sling bullet. The sling bullet hits the black bear!
You kill the black bear!
Dithmenos accepts your kill. The jelly hits you.
You are splashed with acid!
You have reached level 9!
Your experience leads to an increase in your attributes!
Your base attributes are Str 16, Int 12, Dex 11.
Increase (S)trength, (I)ntelligence, or (D)exterity?
You feel agile. x2
You shoot a sling bullet. The sling bullet hits the jelly!
You drain the jelly.
You kill the jelly!
Dithmenos accepts your kill.
A centaur comes into view. It is wielding a +0 rapier.
The sleepcap barely misses you.
You shoot a sling bullet.
The sling bullet hits the sleepcap but does no damage.
You drain the sleepcap.
The sleepcap is lightly damaged.
The sleepcap releases spores at you but does no damage.
You shoot a sling bullet. The sling bullet hits the sleepcap!
You drain the sleepcap.
The sleepcap is almost destroyed.
The centaur unwields a +0 rapier.
The centaur wields a +0 shortbow.
The centaur shoots an arrow.
The arrow hits you!
* * * LOW HITPOINT WARNING * * *
The sleepcap releases spores at you but does no damage.
You shoot a sling bullet.
The sling bullet hits the sleepcap but does no damage.
The sleepcap is almost destroyed.
The centaur shoots an arrow.
The arrow hits you!
You die...

...................+......
..###...###......###......
#.............# ##.....
#......#...#.### ##....
†....###.#.....# ##...
.........#...### ##+#
..... #.†....# ..##
#[###..# .. #..h...#
#...cf#........
#.###.#...##### ..#...#
#(.....# #!###..# #. ...#
!. ...


You could see a sleepcap (very drained) and a centaur.

Vanquished Creatures
  A wyvern (D:6)
  3 black bears
  An ice beast (D:5)
  An ogre (D:4)
  2 phantoms
  4 scorpions (D:5)
  2 howler monkeys
  3 jellies
  2 orc priests
  A sleepcap (D:4)
  4 iguanas
  Jessica (D:3)
  Ijyb (D:3)
  4 orc wizards
  Robin (D:3)
  7 adders
  3 gnolls (D:4)
  7 worms
  A dart slug (D:3)
  14 orcs
  8 ball pythons
  6 bats
  7 endoplasms
  2 giant cockroaches
  14 goblins
  6 hobgoblins
  18 jackals
  10 kobolds
  3 frilled lizards
  6 rats
143 creatures vanquished.

Notes
Turn   | Place    | Note
-------+----------+-------------------------------------------
     0 | D:1      | bmb222 the Octopode Shapeshifter began the quest for the
                  | Orb.
     0 | D:1      | Reached XP level 1. HP: 13/13 MP: 1/1
   156 | D:1      | Reached XP level 2. HP: 18/18 MP: 2/2
   811 | D:2      | Reached XP level 3. HP: 23/23 MP: 3/3
   935 | D:2      | Reached skill level 1 in Stealth
   935 | D:2      | Reached XP level 4. HP: 16/28 MP: 4/4
  1772 | D:3      | Found a faded altar of an unknown god.
  1777 | D:3      | Reached XP level 5. HP: 28/33 MP: 5/5
  1869 | D:3      | Noticed Jessica
  1873 | D:3      | Killed Jessica
  1916 | D:3      | Found a shimmering altar of Xom.
  1921 | D:3      | Reached XP level 6. HP: 22/38 MP: 6/6
  1931 | D:3      | Identified the +8 sling "Vibuonoo" {drain, MP+9 Int+4
                  | Dex+3}
  2006 | D:3      | Noticed Robin
  2012 | D:3      | Noticed Ijyb
  2015 | D:3      | Killed Robin
  2023 | D:3      | Killed Ijyb
  2130 | D:3      | Found a glowing golden altar of the Shining One.
  2407 | D:4      | Noticed a black bear
  2415 | D:4      | Killed a black bear
  2416 | D:4      | Reached skill level 5 in Unarmed Combat
  2482 | D:4      | Found Puxumut's Distillery.
  2501 | D:4      | Reached XP level 7. HP: 45/45 MP: 7/7
  2504 | D:4      | Reached skill level 5 in Shapeshifting
  2537 | D:4      | Found a staircase to the Ecumenical Temple.
  2585 | D:4      | Found a snail-covered altar of Cheibriados.
  2913 | D:4      | Found an opulent altar of Gozag.
  3072 | D:4      | Noticed a moth of wrath
  3074 | D:4      | Found a bloodstained altar of Trog.
  3199 | D:5      | Entered Level 5 of the Dungeon
  3199 | D:5      | Found Nofi's General Store.
  3260 | D:5      | Reached skill level 1 in Ranged Weapons
  3269 | D:5      | Reached skill level 2 in Ranged Weapons
  3269 | D:5      | Reached XP level 8. HP: 52/52 MP: 8/8
  3302 | D:5      | Reached skill level 3 in Ranged Weapons
  3415 | D:5      | Reached skill level 4 in Ranged Weapons
  3618 | D:5      | Found a runed translucent gate.
  3618 | D:5      | Found a runed translucent gate.
  3618 | D:5      | Found a runed translucent gate.
  3620 | D:5      | Noticed superbruh's ghost (amateur DEHW)
  3620 | D:5      | Noticed bmb222's ghost (weakling FoDe)
  3622 | D:5      | Noticed bmb222's ghost (amateur OpSh)
  3622 | D:5      | Noticed dingleboss's ghost (novice DsHW)
  3622 | D:5      | Noticed GreenGuy14's ghost (novice DsMo)
  3745 | Temple   | Found a transporter.
  3745 | Temple   | Found a transporter.
  3745 | Temple   | Found a transporter.
  3745 | Temple   | Found a transporter.
  3745 | Temple   | Entered the Ecumenical Temple
  3775 | Temple   | Became a worshipper of Dithmenos the Shadowed
  3894 | D:6      | Reached skill level 5 in Ranged Weapons
  3957 | D:6      | Noticed a wyvern
  3962 | D:6      | Killed a wyvern
  3963 | D:6      | Reached skill level 6 in Ranged Weapons
  3966 | D:6      | Reached XP level 9. HP: 19/60 MP: 9/9
  3969 | D:6      | Shot with an arrow by a centaur

Illustrated notes

Levels and vault maps discovered:
D:1:      minmay_arrival_radiant_lines, layout_basic, minmay_misc_feat_iff,
          hangedman_decor_growths
D:2:      layout_loops_corners
D:3:      layout_basic, old_standard_altar, mainiacjoe_overflow_six_doors_small,
          nicolae_ecumenical_pavilion, uniq_jessica, uniq_ijyb, uniq_robin
D:4:      layout_loops_ring, slow_altar_1, tgw_trog,
          mainiacjoe_overflow_24_doors, temple_pool_b, serial_shops, shop
D:5:      layout_rooms, gammafunk_ghost_cemetery, serial_shops,
          nicolae_diamond_shop, saegor_snake_ambush
D:6:      hangedman_cross_stitches, layout_loops_corners, portal_sewer_entry_a,
          minmay_statues_item, minmay_ruffians
Temple:   hellmonk_temple_divided_pantheon

Skill      XL: |  1  2  3  4  5  6  7  8 |
---------------+-------------------------+-----
Stealth        | 1 2 3 4 |  4.1
Unarmed Combat | 4 5 |  5.5
Shapeshifting  | 4 5 |  5.2
Fighting       | 2 3 4 |  4.8
Ranged Weapons | 2 6 |  6.6
Dodging        | |  2.7

Action                     |  1- 3 |  4- 6 |  7- 9 || total
---------------------------+-------+-------+-------++-------
  Melee: Unarmed           |    45 |    57 |       ||   102
         Constrict         |    11 |    11 |       ||    22
         Tentacles         |     6 |     5 |       ||    11
         Punch             |     2 |       |       ||     2
   Fire: Sling             |       |    51 |   116 ||   167
   Stab: Sleeping          |     4 |     6 |       ||    10
 Armour: Skin              |    18 |    31 |    15 ||    64
  Dodge: Dodged            |    15 |    32 |    17 ||    64

Table legend: (Time is in decaauts)
 A = Elapsed time spent in this place.
 B = Non-inter-level travel time spent in this place.
 C = Inter-level travel time spent in this place.
 D = Time resting spent in this place.
 E = Time spent auto-exploring this place.
 F = Levels seen in this place.
 G = Mean time per level.
                   A        B        C        D        E       F      G
               +--------+--------+--------+--------+--------+-----+--------+
         Total |   4015 |   3817 |    198 |     96 |   3009 |   7 |  573.6 |
       Dungeon |   3962 |   3764 |    198 |     96 |   3009 |   6 |  660.3 |
        Temple |     52 |     52 |      0 |      0 |      0 |   1 |   52.0 |
               +--------+--------+--------+--------+--------+-----+--------+

Top non-repeatable levels by time:
     D:2: 976 daAuts
     D:4: 847 daAuts
     D:1: 790 daAuts
     D:3: 646 daAuts
     D:5: 551 daAuts
     D:6: 151 daAuts
  Temple: 52 daAuts
